Map: Romanticide LE

Players

Semper - Winner!

  • Race: Terran Terran

Dolan

  • Race: Terran Terran

Event: DreamHack SC2 Masters 2021 Winter

VOD

Have the link to the VOD?

Description

Time

  • Played on: Oct. 5, 2021, 6:05 p.m.
  • Length: 18:36

All games in this series

Show
View Real Time Build Order
Export as new Build Order

Semper Terran - Winner!

Build Orders:  

Get SALT Encoding   

  12  0:00  SCV  
  13  0:12  SCV  
  14  0:17  Supply Depot  
  14  0:24  SCV  
  15  0:38  SCV  
  15  0:39  Barracks  
  16  0:44  Refinery  
  16  0:50  SCV  
  16  0:52  Refinery  
  17  1:02  SCV  
  18  1:14  SCV  
  19  1:27  Reaper, Orbital Command  
  20  1:34  Supply Depot  
  20  1:43  Factory  
  20  1:53  SCV  
  21  1:59  Reaper  
  22  2:06  SCV  
  23  2:24  Command Center  
  23  2:27  SCV  
  24  2:36  Reaper  
  27  2:37  Hellion  
  27  2:39  SCV  
  27  2:40  Supply Depot  
  28  2:49  Starport  
  28  2:51  SCV  
  28  2:58  Hellion  
  31  3:03  SCV  
  32  3:11  Barracks Reactor  
  32  3:15  SCV  
  32  3:18  Refinery  
  33  3:20  Factory Tech Lab  
  33  3:27  SCV  
  33  3:31  Starport Tech Lab  
  34  3:38  Orbital Command  
  34  3:39  SCV, Cyclone  
  38  3:53  SCV  
  36  4:01  Raven  
  36  4:02  Marine x2  
  35  4:03  SCV  
  35  4:08  SCV  
  38  4:11  Siege Tank  
  38  4:14  Bunker  
  38  4:15  SCV  
  42  4:20  Marine x2  
  42  4:21  SCV  
  45  4:27  Supply Depot  
  45  4:28  SCV  
  46  4:33  SCV  
  46  4:36  Command Center  
  47  4:40  SCV  
  50  4:51  Siege Tank  
  50  4:52  SCV  
  54  4:53  SCV  
  54  4:56  Supply Depot  
  55  5:04  SCV  
  55  5:05  SCV  
  59  5:14  Supply Depot  
  55  5:16  SCV, Viking x2, Marine  
  61  5:22  SCV  
  61  5:23  Siege Tank  
  65  5:29  SCV  
  65  5:33  Supply Depot  
  65  5:34  SCV  
  67  5:41  SCV, Marine  
  69  5:46  Supply Depot, SCV  
  69  5:47  Viking x2  
  69  5:49  Orbital Command  
  74  5:53  Refinery  
  74  5:54  SCV  
  74  5:59  Siege Tank  
  74  6:01  Stimpack, Marine  
  74  6:03  SCV  
  80  6:11  SCV  
  80  6:16  Viking  
  80  6:17  Viking  
  84  6:21  Engineering Bay  
  84  6:22  Engineering Bay  
  84  6:23  SCV x2  
  84  6:24  SCV  
  86  6:31  Siege Tank  
  89  6:35  Orbital Command  
  89  6:38  SCV x2  
  91  6:44  Barracks  
  91  6:45  Barracks  
  90  6:50  SCV  
  91  6:56  Viking x2  
  91  6:57  Marine  
  91  6:59  Terran Infantry Weapons Level 1, Terran Infantry Armor Level 1  
  91  7:00  SCV  
  97  7:03  SCV x2  
  99  7:08  Sensor Tower  
  99  7:13  SCV  
  99  7:15  SCV x2  
  102  7:18  Marine  
  102  7:19  Siege Tank  
  106  7:23  Refinery  
  106  7:24  Refinery  
  106  7:25  SCV  
  106  7:27  SCV x2, Barracks  
  106  7:28  Barracks  
  109  7:32  Supply Depot x2  
  109  7:37  Barracks Tech Lab, Barracks Reactor  
  109  7:46  Supply Depot  
  109  7:54  SCV x3, Siege Tank, Viking x2  
  109  7:55  Command Center  
  109  7:57  Armory  
  119  8:01  Marauder x2  
  119  8:03  Combat Shield  
  119  8:04  Concussive Shells  
  123  8:07  SCV x2  
  123  8:08  SCV  
  123  8:11  Supply Depot  
  126  8:13  Supply Depot  
  126  8:14  Supply Depot  
  126  8:19  Barracks Tech Lab, Barracks Reactor  
  126  8:21  Starport  
  126  8:26  SCV  
  126  8:29  Viking x2  
  126  8:30  Marauder  
  126  8:33  Siege Tank, Marine  
  136  8:35  SCV  
  135  8:44  SCV  
  135  8:48  Marauder x2  
  140  8:49  SCV x2  
  140  8:50  Supply Depot  
  140  8:52  Supply Depot  
  141  9:01  Viking x2  
  141  9:02  Starport Reactor  
  144  9:05  Siege Tank  
  144  9:06  Terran Infantry Armor Level 2  
  146  9:11  SCV x3  
  149  9:19  Marine  
  149  9:20  Marauder, Marine x2  
  154  9:24  Refinery  
  154  9:25  Refinery  
  154  9:28  Terran Infantry Weapons Level 2  
  154  9:31  Terran Ship Weapons Level 1  
  154  9:32  Viking  
  154  9:34  Viking  
  158  9:40  Orbital Command  
  158  9:43  Viking x2  
  162  9:46  SCV x2  
  164  9:55  Marauder x3, Marine  
  164  9:56  Marine  
  164  9:58  Supply Depot  
  172  10:00  Supply Depot  
  172  10:05  Starport  
  172  10:14  Siege Tank  
  175  10:23  Marauder, Marine  
  175  10:25  Marauder, Marine  
  175  10:26  Viking x4  
  186  10:34  Starport  
  184  10:55  Command Center, Starport Reactor  
  184  10:56  Viking x2  
  188  11:05  Viking x2, Marine  
  188  11:10  Armory  
  193  11:12  Starport Tech Lab  
  193  11:13  Fusion Core  
  193  11:19  Marine  
  193  11:20  Marauder  
  196  11:26  Viking x2  
  196  11:30  Viking  
  196  11:31  Viking x2  
  194  11:35  Viking x2, Marine x2  
  194  11:36  Marauder  
  199  11:56  Viking x2  
  199  11:57  Corvid Reactor  
  199  12:00  Viking  
  199  12:10  Terran Ship Weapons Level 2  
  199  12:11  Terran Vehicle And Ship Armor Level 1  
  199  12:13  Planetary Fortress  
  199  12:14  Command Center  
  199  12:16  Command Center  
  199  12:18  Advanced Ballistics, Sensor Tower  
  199  13:05  Refinery x2, Marine  
  199  13:06  Command Center  
  199  13:07  Command Center  
  199  13:08  Barracks  
  199  13:09  Command Center, Barracks  
  199  13:10  Barracks  
  199  13:11  Factory  
  200  13:29  Orbital Command x2  
  193  13:51  Liberator  
  193  13:52  Viking x2  
  200  14:02  Barracks Tech Lab, Factory Tech Lab  
  198  14:03  Barracks Tech Lab x2  
  198  14:13  Missile Turret  
  198  14:15  Missile Turret  
  192  14:19  Missile Turret x2  
  192  14:20  Missile Turret  
  185  14:33  Missile Turret  
  185  14:36  Missile Turret x2  
  185  14:37  Missile Turret, Viking x7  
  197  14:42  Siege Tank  
  198  14:47  Orbital Command x2  
  198  14:48  Orbital Command  
  198  14:57  Siege Tank  
  198  15:07  Viking  
  200  15:16  Terran Ship Weapons Level 3, Terran Vehicle And Ship Armor Level 2  
  200  15:17  Terran Infantry Weapons Level 3, Terran Infantry Armor Level 3  
  200  15:23  Orbital Command  
  196  15:58  Liberator x3  
  196  15:59  Liberator, Viking x2  
  196  16:00  Siege Tank x2, Marine x2  
  184  16:07  Liberator  
  176  16:29  Viking  
  176  16:32  Siege Tank x2  
  184  16:35  Liberator  
  184  16:39  Marine  
  187  16:40  Marine x4  
  187  16:41  Liberator, Marine x2  
  187  16:44  Liberator  
  199  16:54  Liberator x2  
  199  17:04  Siege Tank  
  188  17:32  Viking  
  188  17:33  Liberator, Viking x3  
  188  17:34  Siege Tank, Marine x6  
  188  17:35  Marauder x3, Marine  
  188  17:36  Siege Tank  
  188  17:37  Viking x2  
  176  17:53  Marauder  
  178  18:02  Viking x2  
  178  18:03  Viking x2  
Show
View Real Time Build Order
Export as new Build Order

Dolan Terran 

Build Orders: Cyclone Opening, Mech 

Get SALT Encoding   

  12  0:00  SCV  
  13  0:12  SCV  
  14  0:17  Supply Depot  
  14  0:24  SCV  
  15  0:39  SCV  
  15  0:40  Barracks  
  16  0:43  Refinery  
  16  0:51  SCV  
  16  0:52  Refinery  
  17  1:03  SCV  
  18  1:15  SCV  
  19  1:27  Supply Depot, Reaper, Orbital Command  
  20  1:41  Factory  
  20  1:53  SCV  
  21  1:59  Reaper  
  22  2:05  SCV  
  23  2:17  SCV  
  24  2:23  Command Center  
  24  2:25  Factory Tech Lab  
  24  2:38  SCV  
  25  2:44  Cyclone  
  25  2:45  Supply Depot  
  25  2:48  Barracks Reactor  
  25  2:50  SCV  
  29  2:57  Starport  
  29  3:03  SCV  
  30  3:13  Refinery  
  30  3:15  SCV  
  31  3:20  Siege Tank  
  31  3:25  Marine x2  
  37  3:27  SCV  
  37  3:35  Starport Tech Lab, Orbital Command  
  37  3:39  SCV  
  38  3:44  Marine x2  
  39  4:00  Raven  
  39  4:02  Marine x2  
  41  4:03  SCV x2  
  41  4:07  Supply Depot  
  45  4:13  Siege Tank  
  45  4:16  SCV x2  
  50  4:22  Marine x2  
  52  4:29  SCV x2  
  54  4:32  Supply Depot  
  54  4:41  SCV x2  
  56  4:46  Siege Tank  
  56  4:51  Viking  
  61  4:53  Supply Depot  
  61  4:54  SCV x2, Viking  
  65  5:06  SCV x2  
  68  5:20  Siege Tank, Viking  
  72  5:23  SCV x2  
  72  5:24  Viking  
  72  5:26  Supply Depot, Refinery  
  76  5:35  Command Center  
  76  5:38  SCV x2  
  78  5:50  Viking  
  78  5:51  SCV x2  
  78  5:54  Viking  
  84  6:03  SCV  
  84  6:04  SCV  
  86  6:05  Barracks Reactor  
  86  6:06  Factory x2  
  86  6:21  Refinery  
  86  6:22  Supply Depot, SCV x2, Engineering Bay  
  86  6:23  Supply Depot  
  88  6:29  Refinery  
  88  6:34  SCV x2  
  88  6:37  Viking x2  
  94  6:44  Siege Tank  
  94  6:46  SCV x2  
  99  6:50  Orbital Command  
  99  6:58  SCV x2  
  101  7:05  Siege Tank  
  104  7:08  Armory  
  104  7:10  Armory  
  104  7:14  SCV x2  
  105  7:15  SCV  
  105  7:24  Viking x2  
  109  7:31  Siege Tank  
  109  7:34  SCV x3  
  109  7:36  Sensor Tower  
  115  7:39  Sensor Tower  
  115  7:46  SCV x3  
  115  7:47  Siege Tank  
  121  7:55  Supply Depot x2, Viking x2  
  125  8:00  Terran Vehicle Weapons Level 1, Terran Vehicle And Ship Armor Level 1  
  125  8:15  Factory  
  125  8:16  Factory, Command Center  
  125  8:17  SCV x3  
  128  8:20  Supply Depot  
  128  8:21  Supply Depot  
  128  8:25  Viking  
  128  8:26  Viking  
  132  8:30  SCV x3  
  135  8:36  Siege Tank  
  135  8:37  Siege Tank  
  139  8:46  Supply Depot  
  139  8:47  Supply Depot  
  135  9:08  Siege Tank, Factory Tech Lab, Factory Reactor  
  135  9:09  Siege Tank, Viking x2  
  143  9:17  Missile Turret  
  143  9:18  Missile Turret x4  
  143  9:21  Missile Turret  
  143  9:24  Missile Turret  
  143  9:25  Missile Turret  
  143  9:26  Hellion x2  
  143  9:27  Siege Tank  
  150  9:35  SCV x3  
  150  9:36  SCV  
  154  9:40  Viking x2  
  158  9:49  Infernal Pre-Igniter  
  158  9:53  Terran Vehicle Weapons Level 2, Terran Vehicle And Ship Armor Level 2  
  158  9:55  Smart Servos  
  158  10:23  Siege Tank  
  158  10:24  Viking  
  169  10:37  Thor x2  
  169  10:39  Hellion x4, Viking  
  185  10:54  Unknown, Viking  
  185  11:21  Siege Tank  
  188  11:26  Starport  
  188  11:27  Supply Depot  
  188  11:28  Starport  
  175  11:33  Hellion x2  
  173  11:43  Supply Depot  
  173  11:45  Siege Tank  
  173  11:46  Hellion x2  
  180  11:47  Command Center  
  180  11:48  Thor  
  180  11:53  Thor  
  186  11:54  Hellion  
  186  11:58  Hellion  
  189  12:05  SCV x3  
  189  12:08  Refinery  
  192  12:12  Refinery  
  192  12:13  Sensor Tower  
  192  12:16  Hellion  
  192  12:17  Viking  
  196  12:26  Viking  
  189  12:47  Viking  
  191  12:53  Siege Tank  
  191  12:54  Hellion  
  196  12:59  Hellion  
  198  13:09  Starport Reactor x2  
  198  13:14  Command Center  
  198  13:17  Command Center  
  196  13:30  Viking x2  
  199  13:56  Command Center  
  197  14:04  Liberator  
  197  14:19  Thor  
  190  14:38  Starport  
  190  14:40  Starport  
  189  14:47  Sensor Tower  
  189  14:51  Refinery  
  189  14:54  Refinery  
  189  15:03  Planetary Fortress  
  189  15:11  Command Center  
  189  15:12  Hellion x5  
  181  15:17  Viking x3, Starport Tech Lab x2  
  181  15:19  Viking x3  
  181  15:20  Orbital Command  
  193  15:26  Sensor Tower  
  193  15:45  Thor  
  193  15:47  Viking x2  
  193  15:48  Corvid Reactor  
  145  16:07  Thor x2  
  145  16:08  Raven x2, Viking x2  
  145  16:10  Widow Mine  
  145  16:11  Widow Mine x3  
  166  16:12  Drilling Claws  
  166  16:16  Refinery  
  166  16:20  Missile Turret  
  166  16:21  Missile Turret  
  166  16:24  SCV x3  
  169  16:28  Thor  
  169  16:31  Viking x2  
  179  16:35  Widow Mine x2  
  183  16:44  Widow Mine  
  185  16:51  Raven  
  185  16:52  Thor  
  192  17:04  Thor  
  162  17:32  Refinery  
  109  17:38  Viking x2  
  104  17:47  Siege Tank x2  

Tags
 
Add a new tag
Caveats
  • Supply blocks, unpowered buildings, or Contaminate may cause inaccurate times.
  • Supply counts are checked every 10 seconds.